 Dungeon Crawl Stone Soup version 0.30-a0-149-g7f746667c4 (webtiles) character file.

Game seed: 1358665582679545436

57 Sobieck the Chopper (level 3, 0/31 HPs)
             Began as a Palentonga Fighter on Sept 26, 2022.
             Slain by an orc
             ... wielding a +0 mace
              (2 damage)
             ... on level 2 of the Dungeon.
             The game lasted 00:01:51 (1386 turns).

Sobieck the Chopper (Palentonga Fighter)            Turns: 1386, Time: 00:01:51

Health: 0/31       AC:  8    Str: 23    XL:     3   Next: 73%
Magic:  0/3        EV:  5    Int:  8    God:
Gold:   76         SH:  4    Dex:  9    Spells: 2/2 levels left

rFire   . . .      SeeInvis +    a - +0 war axe {axe}
rCold   . . .      Faith    .    c - +0 buckler
rNeg    . . .      Spirit   +    k - +0 chain mail
rPois   .          Reflect  .    (no helmet)
rElec   .          Harm     .    m - +0 cloak
rCorr   .          Rampage  .    (no gloves)
Will    .....                    (no barding)
Stlth   ..........               p - amulet of guardian spirit
HPRegen 0.10/turn                (no ring)
MPRegen 0.08/turn                (no ring)

@: no status effects
A: large, rugged brown scales 3, see invisible, deformed body, roll 1, armoured
tail
a: Rolling Charge


You were on level 2 of the Dungeon.
You visited 1 branch of the dungeon, and saw 2 of its levels.

You collected 76 gold pieces.


Innate Abilities, Weirdness & Mutations

You are completely covered in rugged brown scales. (AC +3, +7% HP)
You have supernaturally acute eyesight. (SInv)
Armour fits poorly on your strangely shaped body.
You can roll at nearby foes to attack.
You have a long armoured tail.


   Skills:
 - Level 3.0 Fighting
 + Level 4.1 Axes
 - Level 2.4 Armour
 - Level 2.6 Shields


You had 2 spell levels left.
You didn't know any spells.
Your spell library was empty.

Inventory:

Hand Weapons
 a - a +0 war axe (weapon) {axe}
Missiles
 e - 22 stones {throwing}
 o - 2 boomerangs {throwing}
Armour
 b - a +0 scale mail
 c - a +0 buckler (worn)
 k - a +0 chain mail (worn)
   (You found it on level 1 of the Dungeon)
 m - a +0 cloak (worn)
   (You found it on level 2 of the Dungeon)
 q - a +0 ring mail
   (You found it on level 2 of the Dungeon)
Jewellery
 j - an amulet of magic regeneration {@e2}
   (You found it on level 1 of the Dungeon)
 p - an amulet of guardian spirit (around neck)
   (You found it on level 2 of the Dungeon)
Scrolls
 f - 3 scrolls of identify {unknown}
 g - a scroll of enchant weapon {unknown}
 h - a scroll of vulnerability {unknown}
 r - a scroll of noise {unknown}
Potions
 d - 2 potions of might
 i - a potion of cancellation {unknown}
 l - a potion of mutation {unknown}
 n - a potion of brilliance {unknown}

Dungeon Overview and Level Annotations

Branches:
Dungeon (2/15) Zot: 10585

Altars:

###.##
#####.......#....#
..
#...#.....#...##
..
##.###.#####.###
... ##..
##.......#
#..###...######
#............#
#..#.......#.#
#.8...8.#
#..@)...#
#.))o...#
#.......#
#.8...8.#
#.......#
##.....## ##$⌠$##
#####


You could see an orc.


Message History

You kill the kobold!
No target in view!
You now have 76 gold pieces (gained 9).
Found a stone staircase leading down.
Unknown command.
There is a stone staircase leading down here.
p - an amulet of guardian spirit Unknown command.
You start removing your amulet.
You continue taking off your amulet of magic regeneration {@e2}. x4
You finish taking off your amulet of magic regeneration {@e2}.
You start putting on your amulet.
You continue putting on your amulet of guardian spirit. x5
You finish putting on your amulet of guardian spirit.
You feel your power drawn to a protective spirit.
p - an amulet of guardian spirit (around neck) Unknown command.
Unknown command.
Found a stone staircase leading up.
Unknown command.
You see here a jackal skeleton.
There is a stone staircase leading up here.
Found a stone staircase leading down.
Unknown command.
q - a +0 ring mail A worm comes into view.
Danger!
You see here 4 stones {throwing}.
There's nothing you can charge at!
You roll forward with a clatter of scales!
An adder comes into view.
You slash the worm!
The adder hisses angrily.
The worm bites you.
You slash the worm!
You kill the worm!
The adder bites you but does no damage.
You closely miss the adder. You block the adder's attack. x2
You closely miss the adder.
Your tail-slap misses the adder.
The adder bites you but does no damage. You block the adder's attack.
You slash the adder! The adder bites you but does no damage.
You slash the adder!
You kill the adder!
Your Axes skill increases to level 4!
No target in view!
e - 22 stones {throwing} (gained 4)
r - a scroll labelled PEMONISA DITHU Unknown command.
An orc comes into view. It is wielding a +0 club.
The orc shouts!
You hear a shout!
An orc comes into view. It is wielding a +0 short sword.
Danger!
An orc priest comes into view. It is wielding a +0 club.
The orc shouts!
The orc priest shouts!
You hear a shout!
An orc comes into view. It is wielding a +0 mace.
An orc comes into view. It is wielding a +0 club.
You roll forward with a clatter of scales!
You slash the orc!
You kill the orc!
The orc priest calls down the wrath of Beogh upon you.
Beogh smites you! The orc hits you but does no damage.
You are too injured to fight recklessly!
You are too injured to fight recklessly!
Unknown command.
The orc hits you with a +0 short sword. The orc hits you with a +0 club.
The orc priest hits you but does no damage.
The orc barely misses you.
Things that are here:
a +0 club {mace}; a +0 ring mail Unknown command.
You closely miss the orc priest.
Your tail-slap misses the orc priest.
You barely miss the orc. x2; You slash the orc!
You kill the orc!
You block the orc's attack. The orc hits you with a +0 mace.
* * * LOW HITPOINT WARNING * * *
The orc priest hits you but does no damage.
You hit the orc priest.
Your tail-slap misses the orc priest.
You barely miss the orc. You hit the orc. The orc barely misses you.
You block the orc's attack.
The orc priest hits you but does no damage.
Unknown command.
You hit the orc priest but do no damage.
You hit the orc. You hit the orc but do no damage. The orc barely misses you.
The orc hits you with a +0 mace.
* * * LOW HITPOINT WARNING * * *
The orc priest hits you with a +0 club.
* * * LOW HITPOINT WARNING * * *
The orc hits you with a +0 short sword.
* * * LOW HITPOINT WARNING * * *
The orc hits you with a +0 mace.
* * * LOW HITPOINT WARNING * * *
The orc priest hits you with a +0 club.
* * * LOW HITPOINT WARNING * * *
Unknown command.
You hit the orc. You slash the orc priest!
You kill the orc priest!
You slash the orc!
You kill the orc!
The orc hits you with a +0 mace.
You die...

Skill      XL: |  1  2  3 |
---------------+----------+-----
Axes           | 3 4 |  4.1
Fighting       | |  3.0
Armour         | |  2.4
Shields        | |  2.6

Action                   || total
-------------------------++-------
Melee: War axe           ||    72
       Tailslap          ||     7
 Abil: Rolling Charge    ||    18
Armor: Scale mail        ||    32
       Chain mail        ||     8
Dodge: Dodged            ||    23
Block: Buckler           ||    20

Levels and vault maps discovered:
D:1:      enne_arrival_octagon_isle, layout_basic,
          dilly_ecumenical_altar_fadedgnrine
D:2:      cheibrodos_pilgrimage, layout_basic, serial_shops, shop_statue,
          minmay_misc_feat_pillars, hex_medium

Notes
Turn   | Place    | Note
-------+----------+-------------------------------------------
     0 | D:1      | Sobieck the Palentonga Fighter began the quest for the Orb.
     0 | D:1      | Reached XP level 1. HP: 19/19 MP: 1/1
   225 | D:1      | Reached XP level 2. HP: 25/25 MP: 2/2
   376 | D:1      | Reached skill level 3 in Axes
   586 | D:1      | Found a faded altar of an unknown god.
   946 | D:2      | Reached XP level 3. HP: 31/31 MP: 3/3
  1250 | D:2      | Reached skill level 4 in Axes
  1385 | D:2      | HP: 7/31 [orc priest/+0 club (1)]
  1385 | D:2      | HP: 2/31 [orc/+0 mace (4)]
  1386 | D:2      | Slain by an orc

Vanquished Creatures
  An orc priest (D:2)
  An adder (D:2)
  2 worms (D:2)
  A dart slug (D:2)
  3 orcs (D:2)
  3 ball pythons (D:1)
  An endoplasm (D:1)
  A goblin (D:1)
  3 hobgoblins
  10 jackals
  2 kobolds
  A quokka (D:1)
  3 bats (D:1)
  A frilled lizard (D:1)
  3 rats
36 creatures vanquished.

Table legend:
 A = Non-vault XP
 B = Vault XP
 C = Vault XP percentage of total XP
 D = Non-vault monster count
 E = Vault monster count
 F = Vault count percentage of total count
                 A         B        C        D         E       F
            +---------+---------+-------+---------+---------+-------
      Total |      76 |      50 |  39.7 |      32 |       4 |  11.1
            +---------+---------+-------+---------+---------+-------
        D:1 |      36 |       0 |   0.0 |      21 |       0 |   0.0
        D:2 |      40 |      50 |  55.6 |      11 |       4 |  26.7
            +---------+---------+-------+---------+---------+-------

Illustrated notes

Table legend:
 A = Kills in this place as a percentage of kills in entire the game.
 B = Kills by you in this place as a percentage of kills by you in the entire game.
 C = Kills by friends in this place as a percentage of kills by friends in the entire game.
 D = Other kills in this place as a percentage of other kills in the entire game.
 E = Experience gained in this place as a percentage of experience gained in the entire game.
 F = Experience gained in this place divided by the number of levels of this place that you have seen.
                   A       B       C       D       E      F
               +-------+-------+-------+-------+-------+----------------------
         Total | 100.0 | 100.0 |   N/A |   N/A | 100.0 |  63.0
       Dungeon | 100.0 | 100.0 |   N/A |   N/A | 100.0 |  63.0
               +-------+-------+-------+-------+-------+----------------------

Table legend: (Time is in decaauts)
 A = Elapsed time spent in this place.
 B = Non-inter-level travel time spent in this place.
 C = Inter-level travel time spent in this place.
 D = Time resting spent in this place.
 E = Time spent auto-exploring this place.
 F = Levels seen in this place.
 G = Mean time per level.
                   A        B        C        D        E       F      G
               +--------+--------+--------+--------+--------+-----+--------+
         Total |   1413 |   1400 |     13 |    167 |   1023 |   2 |  706.5 |
       Dungeon |   1413 |   1400 |     13 |    167 |   1023 |   2 |  706.5 |
               +--------+--------+--------+--------+--------+-----+--------+

Top non-repeatable levels by time:
     D:1: 959 daAuts
     D:2: 453 daAuts
